 Dungeon Crawl Stone Soup version 0.22.1-2-g9c5b331 (webtiles) character file.

103192 dvd the Scorcher (level 16, 0/95 HPs)
             Began as an Octopode Fire Elementalist on Dec 3, 2018.
             Was the Champion of Vehumet.
             Succumbed to a redback's poison
             ... on level 1 of the Spider Nest on Dec 4, 2018.
             The game lasted 01:43:08 (33334 turns).

dvd the Scorcher (Octopode Fire Elementalist)      Turns: 33334, Time: 01:43:09

Health: 0/95       AC:  3    Str:  6      XL:     16   Next: 35%
Magic:  33/45      EV: 18    Int: 31      God:    Vehumet [******]
Gold:   1251       SH:  8    Dex: 12 (13) Spells: 10/41 levels left

rFire    + + +     SeeInvis +   b - staff of fire
rCold    + . .     Gourm    .   m - +0 buckler {rF+}
rNeg     . . .     Faith    .   l - +2 hat {SInv}
rPois    .         Spirit   .   h - +3 amulet of reflection
rElec    .         Reflect  +   n - +4 ring of intelligence
rCorr    .         Harm     .   B - ring of magical power
MR       ++...                  D - +4 ring of intelligence
Stlth    ++++......             E - ring of protection from magic
HPRegen  0.25/turn              H - ring of protection from cold
MPRegen  0.29/turn              M - ring of fire
                                O - ring of protection from cold
                                A - +4 ring of protection

@: lethally poisoned (0 -> -35), corroded, very slightly contaminated, hasted,
very quick
A: almost no armour, stealthy swim, amphibious, 8 rings, constrict 8, tentacle
spike 1, camouflage 1, deterioration 1, high mp 1, weak 1, gelatinous body 1
a: Renounce Religion


You were on level 1 of the Spider Nest.
You worshipped Vehumet.
Vehumet was exalted by your worship.
You were not hungry.

You visited 5 branches of the dungeon, and saw 26 of its levels.
You also visited: Sewer.

You collected 2317 gold pieces.
You spent 1066 gold pieces at shops.

Inventory:

Hand Weapons
 a - a +6 flail of protection
 F - a +2 whip of freezing
Armour
 l - a +2 hat of see invisible (worn)
 m - a +0 buckler of fire resistance (worn)
 C - a +1 buckler
Magical Staves
 b - an uncursed staff of fire (weapon)
 v - an uncursed staff of air
Jewellery
 f - a +1 ring of protection
 h - a +3 amulet of reflection (around mantle)
 n - a +4 ring of intelligence (left tentacle)
 A - a +4 ring of protection (on tentacle)
 B - a ring of magical power (right tentacle)
 D - a +4 ring of intelligence (on tentacle)
 E - a ring of protection from magic (on tentacle)
 H - a ring of protection from cold (on tentacle)
 M - a ring of fire (on tentacle)
 O - a ring of protection from cold (on tentacle)
 Q - an uncursed ring of protection from cold
 R - an uncursed amulet of the acrobat
 U - an uncursed amulet of regeneration
 Y - a +2 ring of evasion
Wands
 i - a wand of digging (33)
 p - a wand of flame (16)
 G - a wand of iceblast (4)
 L - a wand of paralysis (19)
 T - a wand of enslavement (41)
 X - a wand of random effects (114)
Scrolls
 c - 6 scrolls of amnesia
 d - a scroll of brand weapon
 e - 16 scrolls of identify
 g - 8 scrolls of remove curse
 k - 3 scrolls of blinking
 q - 2 scrolls of immolation
 u - 10 scrolls of teleportation
 w - 3 scrolls of magic mapping
 K - 4 scrolls of fog
 W - a scroll of silence
Potions
 j - 4 potions of heal wounds
 r - 6 potions of haste
 s - 6 potions of agility
 t - 13 potions of curing
 y - 3 potions of mutation
 z - 2 potions of cancellation
 J - a potion of magic
 N - 2 potions of ambrosia
 P - 2 potions of invisibility
Comestibles
 x - 31 rations


   Skills:
 + Level 4.0 Fighting
 + Level 4.1(4.2) Maces & Flails
 + Level 0.9(2.7) Staves
 * Level 9.6 Dodging
 + Level 6.6 Stealth
 - Level 4.0 Shields
 + Level 13.3 Spellcasting
 + Level 12.7 Conjurations
 + Level 1.1 Translocations
 * Level 16.7 Fire Magic
 + Level 0.5 Ice Magic
 + Level 1.5 Air Magic
 + Level 1.2 Evocations


You had 10 spell levels left.
You knew the following spells:

 Your Spells              Type           Power        Failure   Level  Hunger
a - Flame Tongue          Conj/Fire      #####        0%          1    None
b - Throw Flame           Conj/Fire      ######       0%          2    None
c - Sticky Flame          Conj/Fire      ########     1%          4    None
d - Fireball              Conj/Fire      ########..   1%          5    None
e - Throw Frost           Conj/Ice       ######       1%          2    None
f - Force Lance           Conj/Tloc      ######..     1%          4    None
g - Lightning Bolt        Conj/Air       ######....   1%          5    None
h - Ignition              Fire           ########..   4%          8    #######

Your spell library contained the following spells:

 Spells                   Type           Power        Failure   Level  Hunger
 Iron Shot                Conj/Erth      ######....   7%          6    ####...
 Conjure Flame            Conj/Fire      ########     0%          3    None
 Sandblast                Erth           ###...       1%          1    None
 Shock                    Conj/Air       ####         1%          1    None
 Inner Flame              Hex/Fire       ########     1%          3    None
 Static Discharge         Conj/Air       ######..     1%          3    None
 Stone Arrow              Conj/Erth      ######       1%          3    None
 Summon Butterflies       Summ           ###.....     2%          1    None
 Swiftness                Chrm/Air       ####....     2%          2    None
 Passwall                 Tmut/Erth      ###.....     3%          2    None
 Airstrike                Air            ####......   3%          4    None
 Call Canine Familiar     Summ           ###.....     7%          3    None
 Lee's Rapid Deconstruct  Erth           ###.......   17%         5    None
 Yara's Violent Unravell  Hex/Tmut       ###.......   17%         5    None
 Summon Ice Beast         Ice/Summ       ###.....     21%         4    None
 Cause Fear               Hex            ###.......   22%         4    None
 Petrify                  Tmut/Erth      ###.....     22%         4    None
 Silence                  Hex/Air        ####......   43%         5    None
 Summon Mana Viper        Hex/Summ       ###.....     54%         5    None
 Deflect Missiles         Chrm/Air       ####......   95%         6    ####...
 Summon Hydra             Summ           ###.......   100%        7    #####..
 Discord                  Hex            ###.......   100%        8    #######
 Shatter                  Erth           ###.......   100%        9    #######
 Tornado                  Air            ####......   100%        9    #######


Dungeon Overview and Level Annotations

Branches:
Dungeon (15/15)            Temple (1/1) D:6            Lair (6/6) D:8
 Shoals (0/4) Lair:3       Spider (2/4) Lair:2        Slime (0/5) Lair:5
    Orc (2/2) D:9             Elf (0/3) Orc:2        Vaults (0/5) D:14
 Depths (0/5) D:15

Altars:
Ashenzari
Cheibriados
Dithmenos
Elyvilon
Fedhas
Gozag
Hepliaklqana
Kikubaaqudgha
Makhleb
Nemelex Xobeh
Okawaru
Qazlal
Ru
Sif Muna
Trog
Uskayaw
Vehumet
Wu Jian
Xom
Yredelemnul
Zin
The Shining One

Shops:
D:4 ?   D:11 :   Orc:2 [*((!=


Innate Abilities, Weirdness & Mutations

You cannot wear most types of armour.
You are very stealthy in the water. (Stealth+)
You are amphibious.
You can wear up to eight rings at the same time.
You can use your tentacles to constrict eight enemies at once.
Your skin changes colour to match your surroundings (Stealth+).
Your rubbery body absorbs attacks. (AC +1, EV +1)
One of your tentacles bears a spike.
Your body sometimes deteriorates upon taking damage.
You have an increased reservoir of magic. (+10% MP)
You are weak. (Str -2)


Message History

* * * LOW HITPOINT WARNING * * *
The demonic crawler hits you!
* * * LOW HITPOINT WARNING * * *
The demonic crawler hits you but does no damage.
The entropy weaver casts a spell.
The entropic weave corrodes you!
You climb upwards.
* * * LOW HITPOINT WARNING * * *
You feel very sick.
There is a stone staircase leading down here.
Unknown command.
Blink to where?
Press: ? - help, Dir - move target cursor You are very lightly contaminated with residual magic.
As you read the scroll of blinking, it crumbles to dust.
* * * LOW HITPOINT WARNING * * *
You feel very sick.
Unknown command.
You feel yourself speed up.
You die...

####.............................
#.^..............................
##...............................
##...^..........................
##.............................
#..........[...................
#..............................
#..............................
###...........@................
#.>...........................
#..........................^..
#.#.........##...#############
####........###'##############
#.##.....s.##8.8##8.8##8..##8
###..##^.....##...##...##^..##^
###.#...###.>..##................
#...>.....##...##.8....8....8....


You could see a demonic crawler.

Vanquished Creatures
  Rupert (Lair:3)
  2 orc warlords
  An entropy weaver (Spider:1)
  Erolcha (Orc:1)
  2 hydras
  A catoblepas (Lair:4)
  A vault guard (D:14)
  2 two-headed ogres (D:14)
  A death knight (D:15)
  The ghost of Curus the Bludgeoner, a novice MiFi of Makhleb (D:8)
  2 tengu warriors (D:13)
  The ghost of Jaiteiro the Blocker, a novice GnFi of Okawaru (D:11)
  3 orc high priests (Orc:2)
  A fire crab (shapeshifter) (D:14)
  4 unseen horrors
  A glowing orange brain (D:15)
  A wizard (D:14)
  A glowing orange brain (shapeshifter) (D:15)
  Pikel (D:7)
  4 orc knights
  An orc sorcerer (Orc:2)
  3 orb spiders
  6 ugly things
  2 cyclopes
  2 deep elf magi
  7 oklob plants
  16 wolf spiders
  4 manticores
  4 elephants (Lair:6)
  2 moths of wrath (Spider:1)
  6 centaur zombies
  6 black mambas
  Psyche (D:8)
  2 gargoyles
  2 torpor snails (Spider:1)
  The ghost of MalarOregon the Ducker, a novice MfTm of Qazlal (D:3)
  22 spiny frogs
  An efreet (D:15)
  2 rime drakes
  2 demonic crawlers (Spider:1)
  4 komodo dragons
  A tengu conjurer (D:15)
  5 tyrant leeches (Lair:6)
  A meliai (shapeshifter) (D:15)
  8 trolls
  17 jumping spiders
  A hornet (shapeshifter) (D:15)
  13 slime creatures
  A tyrant leech (shapeshifter) (D:15)
  A polar bear (Lair:6)
  10 hippogriffs
  31 blink frogs
  5 dream sheep (Lair:3)
  A meliai zombie (D:14)
  A centaur simulacrum (D:15)
  A shadow (D:15)
  7 tarantellas (Spider:1)
  20 redbacks
  2 water elementals (D:13)
  32 yaks
  7 wraiths
  A human (D:10)
  2 neqoxecs (D:11)
  2 wyverns
  3 hogs (D:10)
  A steam dragon (D:11)
  A basilisk (D:15)
  3 hungry ghosts
  6 vampire mosquitoes
  3 wargs (Orc:2)
  Menkaure (D:6)
  17 water moccasins
  7 ice beasts
  9 porcupines
  26 orc warriors
  A sky beast (D:15)
  A slave (D:6)
  A hornet zombie (D:15)
  8 ogres
  3 necrophages
  4 phantoms
  An eye of draining (D:12)
  13 wolves
  7 centaurs
  11 crocodiles
  2 big kobolds
  24 bullfrogs
  A wyvern zombie (D:10)
  A wyvern skeleton (D:4)
  6 scorpions
  14 killer bees
  5 electric eels (D:13)
  4 wights (D:11)
  3 howler monkeys (D:11)
  6 crimson imps
  2 bullfrog zombies
  6 jellies
  6 hounds
  A lava snake (D:12)
  4 quasits (D:11)
  7 orc priests
  8 centaur skeletons
  6 iguanas
  10 orc wizards
  10 worker ants
  7 hell rats (Lair:4)
  3 killer bee zombies
  5 ogre zombies (D:9)
  2 hound skeletons
  A howler monkey zombie (D:9)
  6 gnolls
  12 adders
  2 howler monkey skeletons
  3 shadow imps
  An ooze (D:6)
  3 adder skeletons
  An adder zombie (D:5)
  6 worms
  5 dart slugs
  9 leopard geckos
  56 orcs
  19 bats
  12 giant cockroaches
  9 goblins
  9 hobgoblins
  19 jackals
  2 quokkas
  A ball python skeleton (D:5)
  2 frilled lizards
  2 goblin skeletons (D:9)
  A hobgoblin zombie (D:9)
  18 kobolds
  3 orc skeletons
  11 orc zombies (D:9)
  13 rats
  A fire vortex (D:12)
  A fungus (Lair:5)
  14 plants
810 creatures vanquished.

Vanquished Creatures (others)
  A centaur warrior (D:14)
  A gnoll (D:6)
  A howler monkey skeleton (D:7)
  A giant cockroach (D:2)
  A kobold (D:12)
  A leopard gecko zombie (D:5)
  A fire vortex (D:15)
  24 fungi
  21 plants
52 creatures vanquished.

Grand Total: 862 creatures vanquished

Notes
Turn   | Place    | Note
-------+----------+-------------------------------------------
     0 | D:1      | dvd the Octopode Fire Elementalist began the quest for the
                  | Orb.
     0 | D:1      | Reached XP level 1. HP: 11/11 MP: 3/3
   112 | D:1      | Reached XP level 2. HP: 17/17 MP: 3/5
   182 | D:1      | Learned a level 2 spell: Throw Flame
   543 | D:1      | Reached XP level 3. HP: 21/21 MP: 4/6
  1231 | D:2      | Reached XP level 4. HP: 26/27 MP: 4/7
  1535 | D:2      | Reached skill level 4 in Fire Magic
  1570 | D:2      | Learned a level 4 spell: Sticky Flame
  1683 | D:2      | Reached XP level 5. HP: 31/31 MP: 2/9
  2026 | D:2      | You fall through a shaft for 2 floors!
  2066 | D:3      | Noticed a centaur
  2072 | D:3      | Killed a centaur
  2219 | D:2      | Reached XP level 6. HP: 34/36 MP: 6/10
  2303 | D:3      | Found a basalt altar of Yredelemnul.
  2521 | D:3      | Found a glowing drain.
  2535 | Sewer    | Entered a sewer
  2686 | Sewer    | Reached skill level 1 in Maces & Flails
  2865 | D:3      | Noticed MalarOregon's ghost (novice MfTm)
  2868 | D:3      | Found a runed door.
  4344 | D:4      | Reached XP level 7. HP: 21/42 MP: 2/12
  4513 | D:4      | Found a shattered altar of Ashenzari.
  4874 | D:4      | Found Myupt's Magic Scroll Emporium.
  4877 | D:4      | Bought a scroll of blinking for 75 gold pieces
  4949 | D:4      | Reached skill level 5 in Fire Magic
  4997 | D:5      | Entered Level 5 of the Dungeon
  5018 | D:5      | Found an ornate altar of the Wu Jian Council.
  5033 | D:5      | Reached skill level 1 in Fighting
  5449 | D:5      | Found a deep blue altar of Sif Muna.
  5613 | D:5      | Found a white marble altar of Elyvilon.
  5762 | D:5      | Reached skill level 5 in Stealth
  5762 | D:5      | Reached XP level 8. HP: 48/48 MP: 1/15
  6081 | D:5      | Learned a level 5 spell: Fireball
  6119 | D:6      | Reached skill level 5 in Spellcasting
  6122 | D:6      | Noticed Menkaure
  6157 | D:6      | Killed Menkaure
  6157 | D:6      | Reached skill level 6 in Fire Magic
  6580 | D:6      | Found a blossoming altar of Fedhas.
  6617 | D:6      | Found a staircase to the Ecumenical Temple.
  6626 | Temple   | Entered the Ecumenical Temple
  6697 | Temple   | Became a worshipper of Vehumet
  7106 | D:6      | Reached skill level 5 in Conjurations
  7240 | D:6      | Reached XP level 9. HP: 54/54 MP: 12/18
  7577 | D:7      | Noticed Pikel
  7621 | D:7      | Killed Pikel
  7721 | D:7      | Found a glowing golden altar of the Shining One.
  8466 | D:7      | Reached skill level 7 in Fire Magic
  8502 | D:7      | Found a sparkling altar of Nemelex Xobeh.
  9086 | D:8      | Reached skill level 1 in Shields
  9169 | D:8      | Reached * piety under Vehumet
  9169 | D:8      | Offered knowledge of Shock by Vehumet.
  9494 | D:8      | Found a runed door.
  9502 | D:8      | Found a shimmering altar of Xom.
  9505 | D:8      | Found a staircase to the Lair.
  9509 | D:8      | Noticed Psyche
  9514 | D:8      | Killed Psyche
  9514 | D:8      | Reached XP level 10. HP: 61/61 MP: 7/21
  9923 | D:8      | Reached skill level 8 in Fire Magic
 10114 | D:8      | Found an opulent altar of Gozag.
 10212 | D:8      | Noticed Curus's ghost (novice MiFi)
 10350 | D:3      | Killed MalarOregon's ghost
 10665 | D:9      | Offered knowledge of Sting by Vehumet.
 10698 | D:9      | Reached ** piety under Vehumet
 10877 | D:9      | Found an ancient bone altar of Kikubaaqudgha.
 10963 | D:9      | Found a bloodstained altar of Trog.
 11088 | D:9      | Found a shattered altar of Ashenzari.
 11512 | D:9      | Offered knowledge of Throw Frost by Vehumet.
 11520 | D:9      | Learned a level 2 spell: Throw Frost
 11553 | D:9      | Found a staircase to the Orcish Mines.
 11704 | D:10     | Entered Level 10 of the Dungeon
 11818 | D:10     | Noticed an unseen horror
 11820 | D:10     | Killed an unseen horror
 11820 | D:10     | Reached skill level 9 in Fire Magic
 11974 | D:10     | Reached *** piety under Vehumet
 12177 | D:10     | Reached XP level 11. HP: 54/65 MP: 1/23
 12603 | D:10     | Noticed a cyan ugly thing
 12608 | D:10     | Killed a cyan ugly thing
 12852 | D:10     | Gained mutation: You are weak. (Str -2) [potion of
                  | mutation]
 12852 | D:10     | Gained mutation: You have an increased reservoir of magic.
                  | (+10% MP) [potion of mutation]
 12852 | D:10     | Gained mutation: Your body sometimes deteriorates upon
                  | taking damage. [potion of mutation]
 12852 | D:10     | Gained mutation: One of your tentacles bears a spike.
                  | [potion of mutation]
 12943 | Lair:1   | Entered Level 1 of the Lair of Beasts
 12967 | Lair:1   | Identified a scroll of acquirement
 13041 | Lair:1   | Found a shimmering altar of Xom.
 13096 | Lair:1   | Reached skill level 10 in Fire Magic
 13323 | Lair:1   | Offered knowledge of Force Lance by Vehumet.
 14651 | Lair:2   | Reached skill level 11 in Fire Magic
 14925 | Lair:2   | Reached XP level 12. HP: 72/72 MP: 8/27
 15323 | Lair:2   | Found a hole to the Spider Nest.
 16033 | Lair:2   | Learned a level 4 spell: Force Lance
 16092 | Lair:3   | Found a staircase to the Shoals.
 16098 | Lair:3   | Reached **** piety under Vehumet
 16113 | Lair:3   | Offered knowledge of Dazzling Spray by Vehumet.
 16281 | Lair:3   | Reached skill level 12 in Fire Magic
 16350 | Lair:3   | Noticed Rupert
 16869 | Lair:3   | Killed Rupert
 16869 | Lair:3   | Reached skill level 10 in Spellcasting
 17008 | Lair:3   | Reached skill level 10 in Conjurations
 17012 | Lair:3   | Reached skill level 1 in Evocations
 17565 | Lair:4   | Reached XP level 13. HP: 35/78 MP: 20/30
 19049 | Lair:5   | Reached skill level 5 in Dodging
 19049 | Lair:5   | Reached skill level 13 in Fire Magic
 19148 | Lair:5   | Learned a level 5 spell: Lightning Bolt
 19157 | Lair:5   | Learned a level 8 spell: Ignition
 19311 | Lair:5   | Reached ***** piety under Vehumet
 19311 | Lair:5   | Offered knowledge of Olgreb's Toxic Radiance by Vehumet.
 19655 | Lair:5   | Found a staircase to the Slime Pits.
 20065 | Lair:6   | Entered Level 6 of the Lair of Beasts
 21703 | Lair:6   | Reached XP level 14. HP: 84/84 MP: 17/32
 21960 | Lair:6   | Reached skill level 14 in Fire Magic
 23666 | D:8      | Killed Curus's ghost
 23798 | D:4      | Bought a scroll of enchant armour for 75 gold pieces
 23934 | Orc:1    | Entered Level 1 of the Orcish Mines
 24122 | Orc:2    | Entered Level 2 of the Orcish Mines
 24124 | Orc:2    | Offered knowledge of Iskenderun's Mystic Blast by Vehumet.
 24130 | Orc:2    | Found Leutwa's Distillery.
 24139 | Orc:2    | Bought a potion of curing for 36 gold pieces
 24139 | Orc:2    | Bought a potion of curing for 36 gold pieces
 24139 | Orc:2    | Bought a potion of heal wounds for 60 gold pieces
 24139 | Orc:2    | Bought a potion of curing for 36 gold pieces
 24139 | Orc:2    | Bought a potion of curing for 36 gold pieces
 24139 | Orc:2    | Bought a potion of mutation for 96 gold pieces
 24139 | Orc:2    | Bought a potion of curing for 36 gold pieces
 24414 | Orc:2    | Paralysed by an orc sorcerer for 2 turns
 24987 | Orc:2    | Noticed an orc warlord
 24992 | Orc:2    | Killed an orc warlord
 24992 | Orc:2    | Reached skill level 1 in Translocations
 25241 | Orc:2    | Found a staircase to the Elven Halls.
 25283 | Orc:2    | Found Juadoat's General Store.
 25296 | Orc:2    | Found Gepsapomm's Antique Weapon Emporium.
 25304 | Orc:2    | Found Ysoe's Antique Weapon Emporium.
 25378 | Orc:2    | Found Lonwyilu's Jewellery Shoppe.
 25386 | Orc:2    | Bought a +4 ring of intelligence for 378 gold pieces
 25536 | Orc:2    | Found Guiriex's Antique Armour Emporium.
 25544 | Orc:2    | Bought a shiny buckler for 202 gold pieces
 25646 | Orc:1    | Noticed an orc warlord
 25651 | Orc:1    | Killed an orc warlord
 25917 | Orc:1    | Noticed Erolcha
 25921 | Orc:1    | Killed Erolcha
 26820 | D:11     | Found Nattiad's Book Shop.
 27212 | D:11     | Reached skill level 15 in Fire Magic
 27212 | D:11     | Reached XP level 15. HP: 90/90 MP: 34/34
 27362 | D:11     | Noticed Jaiteiro's ghost (novice GnFi)
 27378 | D:11     | Found a transporter.
 27410 | D:11     | Found a transporter.
 27617 | D:11     | Killed Jaiteiro's ghost
 29005 | D:13     | Offered knowledge of Bolt of Magma by Vehumet.
 29999 | D:14     | Reached skill level 1 in Air Magic
 30546 | D:14     | Reached ****** piety under Vehumet
 30837 | D:14     | Found a gate to the Vaults.
 30885 | D:15     | Entered Level 15 of the Dungeon
 30893 | D:15     | Offered knowledge of Spellforged Servitor by Vehumet.
 31577 | D:15     | Found a sacrificial altar of Ru.
 31798 | D:15     | Found a sacrificial altar of Ru.
 31814 | D:15     | Reached skill level 16 in Fire Magic
 31993 | D:15     | Found a staircase to the Depths.
 32261 | Spider:1 | Entered Level 1 of the Spider Nest
 32277 | Spider:1 | Reached XP level 16. HP: 79/95 MP: 36/36
 32854 | Spider:1 | Offered knowledge of Iron Shot by Vehumet.
 33333 | Spider:1 | HP: 2/95 [poisoned by a redback]
 33334 | Spider:1 | Succumbed to a redback's poison

Skill      XL: |  1  2  3  4  5  6  7  8  9 10 11 12 13 14 15 16 |
---------------+-------------------------------------------------+-----
Stealth        | 3 4 5 6 |  6.6
Fire Magic     | 4 5 6 7 9 11 12 13 15 16 | 16.7
Spellcasting   | 3 4 6 7 8 9 10 11 12 13 | 13.3
Conjurations   | 2 3 5 6 7 9 10 11 12 | 12.7
Maces & Flails | 1 2 3 4 |  4.1
Fighting       | 1 2 3 4 |  4.0
Dodging        | 3 4 6 7 9 |  9.6
Shields        | 2 3 4 |  4.0
Evocations     | 1 |  1.2
Translocations | 1 |  1.1
Air Magic      | 1 |  1.5
Staves         | |  0.9
Ice Magic      | |  0.5

Action                   |  1- 3 |  4- 6 |  7- 9 | 10-12 | 13-15 | 16-18 || total
-------------------------+-------+-------+-------+-------+-------+-------++-------
Melee: Unarmed           |    11 |       |       |       |       |       ||    11
       Tentacles         |     3 |     7 |     2 |    10 |    15 |       ||    37
       Constrict         |     3 |    10 |    10 |    12 |     9 |       ||    44
       Whip              |     4 |    25 |    26 |     1 |       |       ||    56
       Staff             |       |       |    22 |    41 |    36 |     3 ||   102
       Flail             |       |       |       |    12 |    43 |       ||    55
       Kick              |       |       |       |     1 |    15 |       ||    16
 Cast: Flame Tongue      |    42 |   105 |   128 |   123 |    30 |     3 ||   431
       Throw Flame       |     6 |    34 |    54 |    42 |    16 |       ||   152
       Sticky Flame      |       |     3 |    18 |    43 |    57 |     4 ||   125
       Fireball          |       |       |     5 |    95 |   326 |    15 ||   441
       Throw Frost       |       |       |       |     7 |    12 |       ||    19
       Force Lance       |       |       |       |     1 |    16 |     1 ||    18
       Lightning Bolt    |       |       |       |       |    29 |     4 ||    33
       Ignition          |       |       |       |       |    20 |    16 ||    36
Evoke: Wand              |       |       |       |     6 |       |       ||     6
  Use: Scroll            |       |     1 |     1 |    19 |    12 |     1 ||    34
       Potion            |       |       |       |    15 |     2 |     2 ||    19
 Stab: Sleeping          |     1 |     6 |     1 |       |     2 |       ||    10
       Paralysed         |       |       |       |     1 |       |       ||     1
  Eat: Chunk             |     1 |     9 |    15 |    33 |    57 |     3 ||   118
       Ration            |       |     1 |     1 |     3 |     7 |     2 ||    14
Armor: Skin              |     3 |     4 |     7 |    17 |    37 |     6 ||    74
Dodge: Dodged            |    20 |    31 |    64 |    97 |   162 |    47 ||   421
Block: Other             |       |     4 |     5 |       |       |       ||     9
       Buckler           |       |       |     8 |    60 |   113 |    16 ||   197
       Reflection        |       |       |       |     1 |     6 |       ||     7
